← All builds
Pond / Armada / Economy first / OBSERVED BUILD

Blitz raid

Armada Pond build order · Supreme Isthmus

Pond skips its usual Bot Lab economy focus for an early Vehicle Plant, pushing Blitz tanks forward from 4:08 to raid and fight in the enemy base.

Usually pumps units (64%)

#raid #rush · 90 distinct matches · 47 players · 5% of Armada Pond games · team won 62% of 91 · Recently observed

THE CATCH, AND WHAT COMES WITH IT
  • BlitzT1 vehicle raid from 4:08 · 5% of role by thenFrom the Vehicle Plant. Only 5% of Pond games have it by then; others who build it get it around 8:17
  • Vehicle PlantVehicle Plant in 99%9% of all Pond games by then
  • BlitzBlitz in 66%5% of all Pond games by then

Started with Blitz (68%), Pincer (26%), Rover (5%).

Where those units first fight, in 91 games with kill data: in the middle 74%, on their own side 15%, in the enemy base 11%.

Those units destroy a typical 1,709 metal of enemy units by 15:00.

HOW TO PLAY IT

Key timing: Vehicle Plant by 3:16, Blitz raid by 4:04

  1. Open wind and mex as normal, skip Bot Lab for now.
  2. Drop a Vehicle Plant early instead of the usual Bot Lab-first order.
  3. Send first Blitz tanks raiding straight into the enemy base.
  4. Reclaim the Vehicle Plant once raid value is spent.
  5. Pivot to Advanced Metal Extractor and Bot Lab for normal army.

Phase by phase

TYPICAL OF ITS 90 GAMES · AGAINST STANDARD POND
  1. 1
  2. 2
  3. 3
PLAY THE OPENING

Follow the example game's first 6:00 step by step: what to build now, what comes next, and where it goes. At 1× it keeps pace with your own game.

  1. 1

    Up to the Vehicle Plant

    Economy
    • Metal Extractor4Mex
    • Tidal Generator8Tidalfor allies
    • Wind Turbine4Wind
    • Tidal Generator1Tidal
    Order
    1. Vehicle PlantVehicle Plant after 4 mex, 4 wind, 1 tidaldone ~3:33, middle half 3:18–4:08

    Some games also: energy storage (49%)

    By 3:14 in all: 4 mex · 4 wind · 1 tidal

    The example game in this phase · 5 steps
    1. Tidal ×8for Suicide front
    2. Tidal ×2
    3. Wind ×2
    4. Mex ×3
    5. Vehicle PlantVehicle Plantdone 2:56 · typical 3:33
  2. 2

    Vehicle Plant to T1 vehicle raid

    Order
    1. BlitzT1 vehicle raid after 4 mex, 6 wind, 1 tidal
    Builders
    • Construction Vehicle1 Con vehicle

    Some games also: wind (38%)

    The standard build makes here, this one skips: 2 wind

    By 4:08 in all: 4 mex · 6 wind · 1 tidal · 1 energy storage

    The example game in this phase · 1 step
    1. RoverScoutdone 3:04
  3. 3

    T1 vehicle raid to 10:00

    Economy
    • Wind Turbine20Wind−11 vs standard
    • Energy Converter4Converter−4 vs standard
    Order
    1. Vehicle PlantEat Vehicle Plant in 56% of games
    Builders
    • Construction Turret1 Con turret
    • Construction Vehicle1 Con vehicle
    Army
    • Blitz14 Blitz +14 vs standard

    The standard build makes here, this one skips: 2 con bot

    By 10:00 in all: 4 mex · 26 wind (standard 38) · 1 tidal · 6 converter (standard 9) · 1 energy storage · 1 con turret (standard 3)

    The example game in this phase · 89 steps
    1. RoverScout
    2. Mex
    3. RoverScout ×32
    4. Construction VehicleCon vehicle
    5. Wind ×4
    6. Construction VehicleCon vehicle
    7. Wind ×2
    8. Con turret
    9. Construction VehicleCon vehicle
    10. Con turret ×2
    11. RoverScout ×21
    12. Aircraft PlantAircraft Plantdone 8:10
    13. RoverScout ×2
    14. Vehicle PlantEat Vehicle Plantreclaimed for its metal
    15. OspreyHeavy transport
    16. BlinkScout plane
    17. Wind
    18. Vehicle PlantVehicle Plantdone 9:00
    19. Wind
    20. Aircraft PlantEat Aircraft Plantreclaimed for its metal
    21. Wind ×4
    22. RoverScout
    23. Wind
    24. RoverScout
    25. Wind
    26. Advanced Metal ExtractorT2 mexdone 11:09 · typical 9:46
    27. RoverScout
    28. Wind
    29. RoverScout
    30. Wind
    31. RoverScout
    32. Wind
    33. RoverScout ×2
    34. Con turret
    35. Wind
    36. RoverScout ×2
    37. Advanced Metal ExtractorT2 mex
    38. Vehicle PlantEat Vehicle Plantreclaimed for its metal
    39. Wind ×2
    40. Energy storage
    41. Wind ×5
    42. Advanced Metal ExtractorT2 mex
    43. Wind
    44. Advanced Metal ExtractorT2 mex
    45. Wind ×5
    46. Vehicle PlantVehicle Plantdone 12:14
    47. PincerPincer ×2
    48. Converter
    49. PincerPincer
    50. Converter
    51. PincerPincer ×2
    52. Converter
    53. PincerPincer
    54. Converter
    55. Con turret
    56. PincerPincer
    57. Con turret
    58. Wind
    59. PincerPincer ×2
    60. Wind
    61. PincerPincer
    62. Wind
    63. PincerPincer
    64. Wind
    65. PincerPincer ×2
    66. Wind
    67. PincerPincer ×2
    68. Wind
    69. PincerPincer
    70. Wind
    71. PincerPincer
    72. Wind
    73. PincerPincer
    74. Wind
    75. PincerPincer
    76. Wind
    77. PincerPincer ×3
    78. Wind
    79. PincerPincer
    80. Wind
    81. PincerPincer ×2
    82. Wind
    83. PincerPincer ×2
    84. Wind
    85. PincerPincer
    86. Wind
    87. PincerPincer
    88. Wind
    89. PincerPincer ×8

Counts are medians over the build's games: half of them build more, half fewer. The example game is haaven's (40 OS, 10/10/2026); pick another.

Team trades

IN AT LEAST 30% OF ITS GAMES

You hand over

  • Tidal Generator8 Tidal to Suicide front or Frontfirst at 0:12 · in 85% of games

You get

  • Advanced Construction Bot1 T2 con bot from Techfirst at 7:47 · in 79% of games

How it plays out

Typical game of this build against the role’s standard build, running totals by minute

  • This build
  • Standard pond

Metal produced

010k20k30k
0:005:0010:0015:00

metal

Enemy metal destroyed

01k2k3k
0:005:0010:0015:00

metal

Own metal lost

02k4k
0:005:0010:0015:00

metal

91 games.

Show as table
ByMetal produced: This buildMetal produced: Standard pondEnemy metal destroyed: This buildEnemy metal destroyed: Standard pondOwn metal lost: This buildOwn metal lost: Standard pond
1:001151150000
2:002752680000
3:008247990000
4:00149714730000
5:00217821850000
6:002894299550000
7:0037273910462215500
8:0047264948763170940117
9:005668622312413791320316
10:007004770514506111650552
11:008629964518258422090855
12:0010261120522008116924201289
13:0012109145382473155326401876
14:0014380174272766213435252535
15:0016874201882916259939713249
WHAT THE NUMBERS SAY

Won more often than the standard build despite producing less metal, trading extra losses for far more enemy metal destroyed by 15:00.

  • + Destroys roughly 1679 metal by 15:00 via the raid.
  • + Far higher enemy metal destroyed at 10:00 (1517 vs 670).
  • − Own metal lost more than triples by 10:00 (1650 vs 431).
  • − Metal production falls behind standard by 15:00 (17959 vs 20997).
THE EXAMPLE YOU ARE READING

haaven

40.3 OS · 10/10/2026

Open source match ↗

2 received units · includes a constructor
169 metal received · 24054 energy received

Allied construction assistance is unknown. Timings are observations, not a promise of solo reproducibility.

Typical milestones

Vehicle Plant3:33Middle 50%: 3:18–4:08 · n=91
Advanced Metal Extractor9:46Middle 50%: 8:43–10:27 · n=74

Played most by

haaven8games of this buildHunfore7games of this buildViltrum7games of this buildzeus_on_god7games of this buildFrugalResources6games of this build